 Dungeon Crawl Stone Soup version 0.21-a0-529-g8c7b3f5 (webtiles) character file.

37 Astral24 the Skirmisher (level 3, -2/40 HPs)
             Began as an Ogre Berserker on Dec 9, 2017.
             Was an Initiate of Ru.
             Slain by a black bear (9 damage)
             ... created by the rage of Trog
             ... on level 2 of the Dungeon.
             The game lasted 00:03:15 (1284 turns).

Astral24 the Skirmisher (Ogre Berserker)            Turns: 1284, Time: 00:03:15

Health: -2/40      AC:  3    Str: 22    XL:     3   Next: 41%
Magic:  3/3        EV: 10    Int:  8    God:    Ru [......]
Gold:   52         SH:  0    Dex:  8    Spells: 2/2 levels left

rFire    . . .     SeeInvis .   a - +0 mace
rCold    . . .     Gourm    .   (no shield)
rNeg     . . .     Faith    .   b - +0 animal skin
rPois    .         Spirit   .   (helmet restricted)
rElec    .         Reflect  .   (no cloak)
rCorr    .         Harm     .   (gloves unavailable)
MR       .....                  (boots unavailable)
Stlth    +.........             (no amulet)
HPRegen  0.13/turn              (no ring)
MPRegen  0.08/turn              (no ring)

@: no status effects
A: large, unfitting armour, tough skin 1
a: Renounce Religion


You were on level 2 of the Dungeon.
You worshipped Ru.
Ru was noncommittal.
You were not hungry.

You visited 1 branch of the dungeon, and saw 2 of its levels.

You collected 52 gold pieces.

Inventory:

Hand Weapons
 a - a +0 mace (weapon)
 e - a +0 hunting sling
Missiles
 i - 59 stones (quivered)
Armour
 b - a +0 animal skin (worn)
Scrolls
 d - 2 scrolls of identify {unknown}
 h - a scroll of enchant weapon {unknown}
 l - a scroll of remove curse {unknown}
Potions
 f - a potion of haste {unknown}
 g - 4 potions of curing {unknown}
 k - a potion of heal wounds {unknown}
Comestibles
 c - 2 bread rations


   Skills:
 + Level 4.3 Fighting
 * Level 3.4 Maces & Flails
 + Level 3.0 Dodging
 + Level 0.2 Stealth


You had 2 spell levels left.
You didn't know any spells.

Dungeon Overview and Level Annotations

Branches:
Dungeon (2/15)

Altars:
Ru


Innate Abilities, Weirdness & Mutations

You are too large for most types of armour.
You have tough skin. (AC +1)


Message History

You start resting.
All of the chunks of flesh in your inventory have rotted away.
Trog sends monsters to punish you. 4 black bears come into view.
The black bear rages.
Found an encrusted emerald ring.
The black bear bites you but does no damage.
The black bear claws you. x2
The black bear rages.
You hear an angry growl.
The black bear rages.
The black bear bites you. The black bear barely misses you.
The black bear claws you.
You see here a scroll labeled NITUKY ZADDY.
The black bear bites you.
* * * LOW HITPOINT WARNING * * *
The black bear barely misses you. The black bear claws you.
* * * LOW HITPOINT WARNING * * *
The black bear bites you!
You die...

#.# #.# #..
#.# #
#.##.###
#.####......#
........#.#.#
.......?#.#.#
.......h#.#.#
......hhh...#
...##.##@...#
##. #....>..#
# ######..#
.<# ###


You could see 4 black bears.

Vanquished Creatures
  2 adders (D:2)
  2 leopard geckos
  2 bats (D:2)
  A giant cockroach (D:1)
  4 goblins (D:1)
  A hobgoblin (D:2)
  3 frilled lizards (D:1)
  A kobold (D:1)
  3 rats
19 creatures vanquished.

Notes
Turn   | Place    | Note
-------+----------+-------------------------------------------
     0 | D:1      | Astral24 the Ogre Berserker began the quest for the Orb.
     0 | D:1      | Reached XP level 1. HP: 24/24 MP: 1/1
    84 | D:1      | Reached XP level 2. HP: 27/32 MP: 2/2
  1000 | D:2      | Found a sacrificial altar of Ru.
  1004 | D:2      | Reached XP level 3. HP: 39/39 MP: 3/3
  1016 | D:2      | Fell from the grace of Trog
  1016 | D:2      | Became a worshipper of Ru the Awakened
  1278 | D:2      | Noticed a black bear
  1278 | D:2      | Noticed a black bear
  1278 | D:2      | Noticed a black bear
  1278 | D:2      | Noticed a black bear
  1284 | D:2      | Slain by a black bear

Vault maps used:
D:1:      matt_arrival_spirals, hangedman_decor_diamond_cutter, hex_large
D:2:      hangedman_ru_absence

Skill      XL: |  1  2 |
---------------+-------+-----
Maces & Flails | 3 |  3.4
Dodging        | 3 |  3.0
Fighting       | |  4.3
Stealth        | |  0.2

Action                   || total
-------------------------++-------
Melee: Mace              ||    43
 Stab: Distracted        ||     1
       Sleeping          ||     1
  Eat: Chunk             ||     1
Armor: Animal skin       ||    12
Dodge: Dodged            ||    23

Table legend:
 A = Spawn XP
 B = Non-spawn XP
 C = Spawn XP percentage of total XP
 D = Spawn monster count
 E = Non-spawn monster count
 F = Spawn count percentage of total count
 G = Total turns spent on level
                    A         B        C        D         E        F      G
               +---------+---------+-------+---------+---------+-------+---------
         Total |       0 |      54 |   0.0 |       0 |      19 |   0.0 |  1284
               +---------+---------+-------+---------+---------+-------+---------
           D:1 |       0 |      18 |   0.0 |       0 |      12 |   0.0 |   825
           D:2 |       0 |      36 |   0.0 |       0 |       7 |   0.0 |   459
               +---------+---------+-------+---------+---------+-------+---------
